 Dungeon Crawl Stone Soup version 0.25.1-2-g60ff931df9 (webtiles) character file.

Game seed: 2051808331773043351

102 demenzo the Chucker (level 4, 0/72 HPs)
             Began as an Ogre Hunter on Oct 14, 2020.
             Succumbed to an adder's poison
             ... on level 3 of the Dungeon.
             The game lasted 00:05:58 (2862 turns).

demenzo the Chucker (Ogre Hunter)                   Turns: 2862, Time: 00:05:59

Health: 0/72       AC: 22    Str: 15 (17) XL:     4   Next: 78%
Magic:  4/4        EV:  1    Int: 11 (14) God:
Gold:   136        SH:  0    Dex:  8 (9)  Spells: 3/3 levels left

rFire    + . .     SeeInvis .   l - +0 dagger (venom)
rCold    + . .     Gourm    .   (no shield)
rNeg     + + +     Faith    .   (armour currently unavailable)
rPois    +         Spirit   .   (helmet currently unavailable)
rElec    +         Reflect  .   (cloak currently unavailable)
rCorr    +         Harm     .   (gloves unavailable)
MR       .....     NoTele   +   (boots unavailable)
Stlth    +.........             (no amulet)
HPRegen  0.22/turn              (no ring)
MPRegen  0.09/turn              u - ring of positive energy

@: lethally poisoned (0 -> -4), tree-form (expiring), resistant, hasted, very
quick
A: large, unfitting armour, clever 1, MP-powered wands
a: no special abilities


You were on level 3 of the Dungeon.
You were not hungry.
You were a tree.
You visited 1 branch of the dungeon, and saw 3 of its levels.

You collected 136 gold pieces.

Inventory:

Hand Weapons
 a - a +0 short sword
 h - a +0 club
 l - a +0 dagger of venom (weapon)
Missiles
 c - 5 large rocks (quivered)
 d - 2 throwing nets
 e - 113 stones
 m - 7 poisoned darts
Armour
 b - a +0 robe (melded)
Jewellery
 g - an uncursed ring of fire
 u - a ring of positive energy (right branch)
Scrolls
 i - 4 scrolls of identify {unknown}
 j - 2 scrolls of enchant weapon {unknown}
 k - 2 scrolls of blinking {unknown}
 q - a scroll of noise {unknown}
 r - 3 scrolls of remove curse {unknown}
 t - 3 scrolls of teleportation {unknown}
 v - a scroll of enchant armour {unknown}
 w - 2 scrolls of amnesia {unknown}
 x - a scroll of magic mapping {unknown}
Comestibles
 f - 4 rations
 z - 9 chunks of flesh


   Skills:
 + Level 4.1 Fighting
 - Level 0.4 Maces & Flails
 * Level 5.3 Throwing
 - Level 1.7 Dodging
 - Level 0.6 Stealth


You had 3 spell levels left.
You didn't know any spells.
Your spell library was empty.

Dungeon Overview and Level Annotations

Branches:
Dungeon (3/15)

Altars:
Cheibriados
Dithmenos
Makhleb


Innate Abilities, Weirdness & Mutations

You are too large for most types of armour.
((You have tough skin. (AC +1)))
((You have a pair of small antennae on your head.))
Your mind is acute. (Int +2)
You expend magic power (3 MP) to strengthen your wands.


Message History

It was a potion of lignification.
You turn into a tree.
Your +0 robe melds into your body.
Your roots penetrate the ground.
* * * LOW HITPOINT WARNING * * *
You feel sick.
* * * LOW HITPOINT WARNING * * *
You feel sick.
* * * LOW HITPOINT WARNING * * *
You feel sick.
* * * LOW HITPOINT WARNING * * *
You feel sick.
* * * LOW HITPOINT WARNING * * *
You feel sick.
* * * LOW HITPOINT WARNING * * *
You feel sick.
* * * LOW HITPOINT WARNING * * *
You feel sick.
* * * LOW HITPOINT WARNING * * *
You feel sick.
Your transformation is almost over.
You die...

..##.##....## #.<#
..##........#### .####.##..######
.###............ ................
.# ##.......#### .####.#.#.######
### #####......# .?... #.#.# ..#
#).....# ..# #.#.# ..#####
#......# ..#####.#.# ......#
#......##........#.# ......#
#....((.♣...# ###.# ......#
#.......)...# #.# ......#
##+###......# #.# ### ......# ..
#......# #.###.# ......#
#.#####+### #.[...# #+##### #..#
#.# #####.#
#.##########.####.###### #.#
#...........)..........# #.#
######...####.###.####.#######.##


There were no monsters in sight!

Vanquished Creatures
  2 adders (D:3)
  2 oozes
  A worm (D:3)
  5 dart slugs
  A leopard gecko (D:1)
  2 orcs (D:3)
  6 bats
  4 giant cockroaches
  7 hobgoblins
  6 kobolds
  A quokka (D:3)
  3 ball pythons
  7 frilled lizards
  6 goblins
  8 rats
61 creatures vanquished.

Notes
Turn   | Place    | Note
-------+----------+-------------------------------------------
     0 | D:1      | demenzo the Ogre Hunter began the quest for the Orb.
     0 | D:1      | Reached XP level 1. HP: 22/22 MP: 1/1
    82 | D:1      | Reached XP level 2. HP: 21/31 MP: 2/2
   519 | D:1      | Reached XP level 3. HP: 36/37 MP: 3/3
  1008 | D:2      | Found a snail-covered altar of Cheibriados.
  1852 | D:3      | Found a burning altar of Makhleb.
  1884 | D:3      | Reached XP level 4. HP: 35/48 MP: 4/4
  2002 | D:3      | Reached skill level 5 in Throwing
  2448 | D:3      | Found a shadowy altar of Dithmenos.
  2849 | D:3      | Gained mutation: Your mind is acute. (Int +2) [potion of
                  | mutation]
  2849 | D:3      | Gained mutation: You have a pair of small antennae on your
                  | head. [potion of mutation]
  2849 | D:3      | Gained mutation: You expend magic power (3 MP) to
                  | strengthen your wands. [potion of mutation]
  2855 | D:3      | HP: 3/72 [poisoned by an adder]
  2860 | D:3      | HP: 1/72 [poisoned by an adder]
  2862 | D:3      | Succumbed to an adder's poison

Illustrated notes

Levels and vault maps discovered:
D:1:      sevenhm_arrival_forest_fort_small_5, layout_basic
D:2:      layout_basic, kennysheep_slug_shrine
D:3:      layout_basic, lemuel_doored_altar, demons_altar

Skill      XL: |  1  2  3  4 |
---------------+-------------+-----
Fighting       | 3 4 |  4.1
Throwing       | 5 |  5.3
Maces & Flails | |  0.4
Dodging        | |  1.7
Stealth        | |  0.6

Action                   |  1- 3 |  4- 6 || total
-------------------------+-------+-------++-------
Melee: Short sword       |    31 |       ||    31
       Dagger            |    97 |    80 ||   177
  Use: Potion            |       |     5 ||     5
 Stab: Sleeping          |     1 |       ||     1
       Distracted        |       |     1 ||     1
  Eat: Chunk             |     3 |     3 ||     6
Armor: Robe              |    28 |    12 ||    40
Dodge: Dodged            |    65 |    48 ||   113
